 Dungeon Crawl Stone Soup version 0.32-a0-166-ge5b9942 (webtiles) character file.

Game seed: 13057393623346562999

97 Dorkslayer the Chopper (level 4, -2/40 HPs)
             Began as a Hill Orc Fighter on Feb 11, 2024.
             Slain by an ogre
             ... wielding a +0 giant spiked club
              (20 damage)
             ... on level 3 of the Dungeon.
             The game lasted 00:05:18 (1788 turns).

Dorkslayer the Chopper (Hill Orc Fighter)           Turns: 1788, Time: 00:05:19

Health: -2/40      AC:  9    Str: 20    XL:     4   Next: 68%
Magic:  4/4        EV:  9    Int:  8    God:
Gold:   100        SH:  4    Dex: 10    Spells: 3/3 levels left

rFire   . . .        a - +0 war axe
rCold   . . .        c - +0 buckler
rNeg    . . .        b - +0 scale mail
rPois   .            g - +0 helmet
rElec   .            (no cloak)
rCorr   .            i - +0 pair of gloves
SInv    .            (no boots)
Will    .....        (no amulet) Stlth
                     o - +4 ring of slaying
HPRegen 0.26/turn    (no ring)
MPRegen 0.09/turn

%: no passive effects
@: mighty
A: no striking features
a: no special abilities


You were on level 3 of the Dungeon.
You visited 1 branch of the dungeon, and saw 3 of its levels.

You collected 100 gold pieces.

Inventory:

Hand Weapons
 a - a +0 war axe (weapon)
 k - a +0 mace
Missiles
 j - 4 javelins (quivered)
Armour
 b - a +0 scale mail (worn)
 c - a +0 buckler (worn)
 g - a +0 helmet (worn)
 i - a +0 pair of gloves (worn)
Jewellery
 o - a +4 ring of slaying (left hand)
Wands
 p - a wand of flame (10)
Scrolls
 e - a scroll of torment {unknown}
 f - 3 scrolls of identify {unknown}
 h - a scroll of teleportation {unknown}
 m - a scroll of amnesia {unknown}
 n - a scroll of brand weapon {unknown}
Potions
 l - a potion of mutation {unknown}


   Skills:
 + Level 4.0 Fighting
 + Level 4.2 Axes
 + Level 4.1 Armour
 * Level 1.1 Dodging
 + Level 3.6 Shields


You had 3 spell levels left.
You didn't know any spells.
Your spell library contained the following spells:

 Spells                   Type           Power      Damage    Failure   Level
 Sandblast                Erth           0%         2d4       83%         1
 Inner Flame              Hex/Fire       0%         N/A       99%         3
 Passwall                 Erth           0%         N/A       99%         3
 Stone Arrow              Conj/Erth      0%         3d7       99%         3
 Brom's Barrelling Bould  Conj/Erth      0%         2d3       100%        4
 Flame Wave               Conj/Fire      0%         2d4       100%        4
 Sticky Flame             Fire/Alch      0%         2d4       100%        4


Dungeon Overview and Level Annotations

Branches:
Dungeon (3/15)

Altars:
Xom

Shops:
D:2 *=:[


Message History

HP restored.
You open the door.
A bat comes into view.
The bat hits you but does no damage.
There is an open door here.
You hit the bat.
The bat is moderately wounded.
You block the bat's attack. The bat hits you. The bat barely misses you.
You miss the bat. The bat closely misses you.
The bat hits you but does no damage. You block the bat's attack.
The bat hits you but does no damage.
You hit the bat.
The bat is moderately wounded.
The bat barely misses you. You block the bat's attack.
You slash the bat!
You kill the bat!
You see here a bat corpse.
An orc and an ogre come into view.
The orc shouts!
You hear a shout!
An iguana comes into view.
The orc moves out of view.
An orc comes into view. It is wielding a +0 mace.
The orc shouts!
The iguana hisses angrily.
An orc comes into view. It is wielding a +0 club.
The ogre misses you.
You feel very mighty all of a sudden.
An orc comes into view. It is wielding a +0 whip.
The ogre hits you with a +0 giant spiked club!!
Ouch! That really hurt!
You closely miss the ogre. You slash the ogre!
The ogre is heavily wounded.
The ogre hits you with a +0 giant spiked club.
A rat comes into view.
The rat moves out of view.
You hit the ogre.
The ogre is severely wounded.
The ogre hits you with a +0 giant spiked club!!
Ouch! That really hurt!
You die...

#................#.#.
#................# #
#.....).##########
#.......# #.......#
#.......# #####'###
###†# #.@.#
########O###
.......ol# #######oo#
#.o# #... #...# #...#
#....


You could see an ogre, an iguana and 4 orcs.

Vanquished Creatures
  Ijyb (D:3)
  2 adders (D:2)
  2 dart slugs
  A ribbon worm (D:2)
  4 endoplasms (D:2)
  2 giant cockroaches (D:2)
  3 goblins
  8 hobgoblins
  3 quokkas (D:2)
  A ball python (D:1)
  8 bats
  4 frilled lizards
  3 kobolds
  3 rats
45 creatures vanquished.

Notes
Turn   | Place    | Note
-------+----------+-------------------------------------------
     0 | D:1      | Dorkslayer the Hill Orc Fighter began the quest for the
                  | Orb.
     0 | D:1      | Reached XP level 1. HP: 19/19 MP: 1/1
   224 | D:1      | Reached XP level 2. HP: 27/27 MP: 2/2
   898 | D:2      | Found Ilia's Book Shop.
   952 | D:2      | Found Kunnue's Jewellery Shoppe.
   959 | D:2      | Found a shimmering altar of Xom.
  1020 | D:2      | Reached XP level 3. HP: 33/33 MP: 3/3
  1223 | D:2      | Found Wimmecoa's Assorted Antiques.
  1280 | D:2      | Reached skill level 1 in Dodging
  1284 | D:2      | Reached XP level 4. HP: 40/40 MP: 4/4
  1397 | D:2      | Found Ceerrula's Antique Armour Boutique.
  1548 | D:2      | Found a faded altar of an unknown god.
  1714 | D:3      | Noticed Ijyb
  1724 | D:3      | Killed Ijyb
  1780 | D:3      | Noticed an ogre
  1788 | D:3      | Slain by an ogre

Illustrated notes

Levels and vault maps discovered:
D:1:      roderic_crop_circles_arrival_small, layout_basic, serial_bayou,
          serial_bayou_shore_b, serial_bayou_shore_b, serial_bayou_ford_a,
          serial_bayou_pond_d, roderic_roman_lattice
D:2:      minmay_spotlight, layout_loops_cross,
          hellmonk_ecumenical_altar_inner_sanctum, basic_altar, serial_shops,
          nicolae_shop_tiny_waterfront, shop, nicolae_book_shop_shelving, shop
D:3:      layout_basic, mainiacjoe_overflow_paths, serial_shops,
          nicolae_shop_pleasant_corner_grove, uniq_ijyb, uniq_terence

Skill      XL: |  1  2  3  4 |
---------------+-------------+-----
Axes           | 3 4 |  4.2
Dodging        | 1 |  1.1
Armour         | 4 |  4.1
Fighting       | 4 |  4.0
Shields        | |  3.6

Action                     |  1- 3 |  4- 6 || total
---------------------------+-------+-------++-------
  Melee: War axe           |   118 |    37 ||   155
    Use: Potion            |       |     1 ||     1
 Armour: Scale mail        |    87 |    27 ||   114
  Dodge: Dodged            |    67 |    13 ||    80
  Block: Buckler           |    24 |    15 ||    39

Table legend: (Time is in decaauts)
 A = Elapsed time spent in this place.
 B = Non-inter-level travel time spent in this place.
 C = Inter-level travel time spent in this place.
 D = Time resting spent in this place.
 E = Time spent auto-exploring this place.
 F = Levels seen in this place.
 G = Mean time per level.
                   A        B        C        D        E       F      G
               +--------+--------+--------+--------+--------+-----+--------+
         Total |   1859 |   1859 |      0 |      0 |   1177 |   3 |  619.7 |
       Dungeon |   1859 |   1859 |      0 |      0 |   1177 |   3 |  619.7 |
               +--------+--------+--------+--------+--------+-----+--------+

Top non-repeatable levels by time:
     D:1: 924 daAuts
     D:2: 841 daAuts
     D:3: 92 daAuts
